 Dungeon Crawl Stone Soup version 0.31.0-11-ge490571c62 (webtiles) character file.

Game seed: 10756850699019244570

436 qw the Skirmisher (level 6, -4/36 HPs)
             Began as a Deep Elf Hunter on Feb 4, 2024.
             Incinerated by a bombardier beetle (5 damage)
             ... with a burning spray
             ... on level 5 of the Dungeon.
             The game lasted 00:01:06 (2682 turns).

qw the Skirmisher (Deep Elf Hunter)                 Turns: 2682, Time: 00:01:07

Health: -4/36      AC: 10    Str: 10    XL:     6   Next: 69%
Magic:  8/8        EV:  9    Int: 14    God:
Gold:   102        SH:  5    Dex: 18    Spells: 5/5 levels left

rFire   . . .        a - +1 shortbow (freeze)
rCold   . . .        (shield currently unavailable)
rNeg    . . .        o - +0 scale mail {rPois}
rPois   +            g - +2 helmet
rElec   .            i - +0 cloak
rCorr   .            (no gloves)
SInv    .            (no boots)
Will    .....        d - amulet of reflection
Stlth   +            (no ring)
HPRegen 0.26/turn    (no ring)
MPRegen 0.11/turn

%: reflection
@: on fire, glowing
A: no striking features
a: no special abilities


You were on level 5 of the Dungeon.
You visited 1 branch of the dungeon, and saw 5 of its levels.

You collected 264 gold pieces.
You spent 162 gold pieces at shops.


   Skills:
 - Level 2.5 Fighting
 + Level 9.9 Ranged Weapons
 - Level 1.0 Armour
 - Level 2.4 Dodging
 - Level 1.2 Stealth


You had 5 spell levels left.
You didn't know any spells.
Your spell library was empty.

Inventory:

Hand Weapons
 a - a +1 shortbow of freezing (weapon)
Armour
 g - a +2 helmet (worn)
 i - a +0 cloak (worn)
 l - a +0 ring mail
 o - a +0 scale mail of poison resistance (worn)
Jewellery
 d - an amulet of reflection (around neck)
Wands
 h - a wand of digging (5)
Scrolls
 n - a scroll of teleportation
Potions
 c - a potion of enlightenment
 j - a potion of mutation
 m - a potion of curing

Dungeon Overview and Level Annotations

Branches:
Dungeon (5/15)             Temple (0/1) D:5

Altars:
Kikubaaqudgha

Shops:
D:3 ?


Message History

You shoot an arrow. The arrow hits the bombardier beetle.
The arrow freezes the bombardier beetle.
The bombardier beetle is lightly wounded.
You shoot an arrow. The arrow hits the bombardier beetle!
The arrow freezes the bombardier beetle.
The bombardier beetle is almost dead.
The bombardier beetle sprays incendiary fluid at you.
The burning spray hits you.
You are covered in liquid fire!
You shoot an arrow.
The arrow barely misses the bombardier beetle.
The liquid fire burns you!
The bombardier beetle sprays incendiary fluid at you.
The burning spray hits you.
You are even more covered in liquid fire!
You shoot an arrow. The arrow hits the bombardier beetle.
The arrow freezes the bombardier beetle.
You kill the bombardier beetle!
The liquid fire burns you!
You are on fire!
The liquid fire burns you!
You are on fire!
The liquid fire burns you!
You are on fire!
The liquid fire burns you!
You are on fire!
The liquid fire burns you!
You are on fire!
The liquid fire burns you!
You are on fire!
The liquid fire burns you!
You are on fire!
The liquid fire burns you!
You are on fire!
The liquid fire burns you!
You are on fire!
The liquid fire burns you!
You are on fire!
The liquid fire burns you!
You die...

#...## ##.....##
###..##...##
#....# #...#
#....# #...##
#####....###....#
........##......#
.....##.........#
..?....@...###.##
.......##..# ###
.........!.#
.........#.#
.........#.#
......%.##.#
..#..... ...
.###... .


There were no monsters in sight!

Vanquished Creatures
  An ogre (D:4)
  A kobold brigand (D:4)
  A bombardier beetle (D:5)
  An iguana (D:5)
  7 gnolls
  8 adders
  2 ufetubi (D:3)
  4 dart slugs
  8 orcs
  5 ball pythons
  8 bats
  5 endoplasms
  2 giant cockroaches
  3 hobgoblins
  4 jackals (D:1)
  3 quokkas
  4 frilled lizards
  A goblin (D:3)
  9 kobolds
  6 rats
83 creatures vanquished.

Notes
Turn   | Place    | Note
-------+----------+-------------------------------------------
     0 | D:1      | qw the Deep Elf Hunter began the quest for the Orb.
     0 | D:1      | Reached XP level 1. HP: 12/12 MP: 3/3
     0 | D:1      | 0 ||| qw: Version: 0.3-a-160-g6735b56
     0 | D:1      | 0 ||| qw: Game counter: 5757
     0 | D:1      | 0 ||| qw: Melee chars always use a shield: true
     0 | D:1      | 0 ||| qw: God list: Okawaru
     0 | D:1      | 0 ||| qw: Allow faded altars: false
     0 | D:1      | 0 ||| qw: Do Orc after clearing Dungeon:15 true
     0 | D:1      | 0 ||| qw: Do second Lair branch before Depths: true
     0 | D:1      | 0 ||| qw: Lair rune preference: random
     0 | D:1      | 0 ||| qw: Goals: Normal
     0 | D:1      | 0 ||| PLANNING D:1-11
   158 | D:1      | Reached XP level 2. HP: 16/16 MP: 4/4
   160 | D:1      | Reached skill level 6 in Ranged Weapons
   407 | D:1      | 407 ||| UPGRADING to +0 cloak.
   412 | D:1      | 412 ||| READING scroll labelled DUOHUUR METERPH.
   413 | D:1      | 413 ||| READING 2 scrolls labelled FYTWETTUTO.
   416 | D:1      | 416 ||| READING scroll labelled SIOFEB KOOCEE.
   417 | D:1      | 417 ||| READING scroll labelled WOABLA LOASUC.
   417 | D:1      | 417 ||| ENCHANTING +0 shortbow.
   418 | D:1      | 418 ||| READING 2 scrolls labelled XEHOM QIKES.
   418 | D:1      | 418 ||| IDENTIFYING fizzy silvery potion
   419 | D:1      | 419 ||| DROPPING scroll of butterflies.
   420 | D:1      | 420 ||| DROPPING potion of invisibility.
   497 | D:2      | Reached XP level 3. HP: 20/20 MP: 5/5
   593 | D:2      | Reached skill level 7 in Ranged Weapons
   962 | D:2      | 962 ||| UPGRADING to amulet of reflection.
   967 | D:2      | 967 ||| READING 3 scrolls of identify.
   967 | D:2      | 967 ||| IDENTIFYING puce potion
   968 | D:2      | 968 ||| READING 2 scrolls of identify.
   968 | D:2      | 968 ||| IDENTIFYING scroll labelled ORHIDIAHUR
   969 | D:2      | 969 ||| DROPPING scroll of amnesia.
   970 | D:2      | 970 ||| DROPPING potion of brilliance.
  1121 | D:3      | 1121 ||| RETREEEEATING.
  1126 | D:3      | Reached XP level 4. HP: 14/25 MP: 6/6
  1140 | D:3      | HP: 4/25 [gnoll/+0 spear (5)]
  1141 | D:3      | 1141 ||| READING scroll of teleportation.
  1141 | D:3      | HP: 1/25 [gnoll/+0 spear (3)]
  1143 | D:3      | Reached skill level 8 in Ranged Weapons
  1319 | D:3      | Found Uzxev's Magic Scroll Shop.
  1326 | D:3      | 1326 ||| BUYING scroll of brand weapon (114 gold).
  1326 | D:3      | Bought a scroll of brand weapon for 114 gold pieces
  1326 | D:3      | 1326 ||| BUYING scroll of identify (24 gold).
  1326 | D:3      | Bought a scroll of identify for 24 gold pieces
  1326 | D:3      | 1326 ||| BUYING scroll of identify (24 gold).
  1326 | D:3      | Bought a scroll of identify for 24 gold pieces
  1326 | D:3      | 1326 ||| SHOPLISTING scroll of identify (24 gold, have 13).
  1326 | D:3      | 1326 ||| SHOPLISTING scroll of teleportation (36 gold, have
                  | 13).
  1326 | D:3      | 1326 ||| READING scroll of brand weapon.
  1326 | D:3      | 1326 ||| BRANDING +1 shortbow.
  1461 | D:3      | Reached XP level 5. HP: 29/29 MP: 7/7
  1855 | D:3      | Found an ancient bone altar of Kikubaaqudgha.
  2003 | D:3      | 2003 ||| UPGRADING to +0 scale mail.
  2013 | D:3      | 2013 ||| DROPPING +0 leather armour.
  2014 | D:3      | 2014 ||| UPGRADING to +0 ring mail.
  2024 | D:3      | 2024 ||| DROPPING +0 scale mail.
  2025 | D:3      | 2025 ||| UPGRADING to +0 scale mail of poison resistance.
  2035 | D:3      | 2035 ||| READING 5 scrolls of identify.
  2035 | D:3      | 2035 ||| IDENTIFYING bubbling coppery potion
  2036 | D:3      | 2036 ||| READING 4 scrolls of identify.
  2036 | D:3      | 2036 ||| IDENTIFYING red potion
  2037 | D:3      | 2037 ||| READING 3 scrolls of identify.
  2037 | D:3      | 2037 ||| IDENTIFYING yellow potion
  2038 | D:3      | 2038 ||| READING 2 scrolls of identify.
  2038 | D:3      | 2038 ||| IDENTIFYING 2 green potions
  2039 | D:3      | 2039 ||| READING scroll of identify.
  2039 | D:3      | 2039 ||| IDENTIFYING scroll labelled IGYDAO OQUYRCH
  2040 | D:3      | 2040 ||| READING scroll labelled UBLUBA PECH.
  2041 | D:3      | 2041 ||| DROPPING potion of attraction.
  2042 | D:3      | 2042 ||| DROPPING scroll of silence.
  2043 | D:3      | 2043 ||| DROPPING 2 potions of degeneration.
  2115 | D:4      | Reached skill level 9 in Ranged Weapons
  2123 | D:4      | Reached XP level 6. HP: 27/34 MP: 8/8
  2235 | D:4      | Reached skill level 1 in Armour
  2499 | D:4      | 2499 ||| UPGRADING to +1 helmet.
  2504 | D:4      | 2504 ||| READING 2 scrolls of identify.
  2504 | D:4      | 2504 ||| IDENTIFYING pink potion
  2505 | D:4      | 2505 ||| READING scroll of identify.
  2505 | D:4      | 2505 ||| IDENTIFYING smoky puce potion
  2506 | D:4      | 2506 ||| READING scroll labelled FUOCAX JOREGODO.
  2506 | D:4      | 2506 ||| ENCHANTING +1 helmet.
  2507 | D:4      | 2507 ||| READING scroll labelled QOTURE FOIJ.
  2508 | D:4      | 2508 ||| DROPPING potion of ambrosia.
  2524 | D:5      | Entered Level 5 of the Dungeon
  2524 | D:5      | Noticed a sky beast
  2524 | D:5      | Found a staircase to the Ecumenical Temple.
  2525 | D:5      | 2525 ||| PLANNING TEMPLE
  2525 | D:5      | 2525 ||| STAIRDANCE
  2531 | D:5      | HP: 8/36 [iguana (4)]
  2532 | D:5      | 2532 ||| READING 2 scrolls of teleportation.
  2637 | D:5      | 2637 ||| Stepping randomly (stuck).
  2638 | D:5      | 2638 ||| Stepping randomly (stuck).
  2639 | D:5      | 2639 ||| Stepping randomly (stuck).
  2640 | D:5      | 2640 ||| Stepping randomly (stuck).
  2641 | D:5      | 2641 ||| Stepping randomly (stuck).
  2642 | D:5      | 2642 ||| Stepping randomly (stuck).
  2643 | D:5      | 2643 ||| Stepping randomly (stuck).
  2644 | D:5      | 2644 ||| Stepping randomly (stuck).
  2645 | D:5      | 2645 ||| Stepping randomly (stuck).
  2646 | D:5      | 2646 ||| Stepping randomly (stuck).
  2647 | D:5      | 2647 ||| Stepping randomly (stuck).
  2648 | D:5      | 2648 ||| Stepping randomly (stuck).
  2649 | D:5      | 2649 ||| Stepping randomly (stuck).
  2650 | D:5      | 2650 ||| Stepping randomly (stuck).
  2651 | D:5      | 2651 ||| Stepping randomly (stuck).
  2652 | D:5      | 2652 ||| Stepping randomly (stuck).
  2653 | D:5      | 2653 ||| Stepping randomly (stuck).
  2654 | D:5      | 2654 ||| Stepping randomly (stuck).
  2655 | D:5      | 2655 ||| Stepping randomly (stuck).
  2656 | D:5      | 2656 ||| Stepping randomly (stuck).
  2657 | D:5      | 2657 ||| Stepping randomly (stuck).
  2658 | D:5      | 2658 ||| Stepping randomly (stuck).
  2659 | D:5      | 2659 ||| Stepping randomly (stuck).
  2660 | D:5      | 2660 ||| Stepping randomly (stuck).
  2665 | D:5      | 2665 ||| Stepping randomly (stuck).
  2666 | D:5      | 2666 ||| Stepping randomly (stuck).
  2667 | D:5      | 2667 ||| Stepping randomly (stuck).
  2678 | D:5      | HP: 9/36 [burnt (4)]
  2680 | D:5      | HP: 3/36 [burnt (3)]
  2681 | D:5      | HP: 1/36 [burnt (3)]
  2682 | D:5      | Incinerated by a bombardier beetle

Levels and vault maps discovered:
D:1:      zaba_arrival_water, layout_basic
D:2:      layout_basic, nicolae_twisty_statue_hallways
D:3:      layout_loops_ring, general_overflow_altar, serial_shops,
          nicolae_square_shop, minivault_11
D:4:      layout_rooms
D:5:      layout_cave_pools, minmay_temple_entry_water_ring,
          gammafunk_ghost_smash, nicolae_elemental_shop, uniq_eustachio,
          uniq_crazy_yiuf_cottage, uniq_sigmund

Skill      XL: |  1  2  3  4  5  6 |
---------------+-------------------+-----
Ranged Weapons | 6 7 8 9 |  9.9
Armour         | 1 |  1.0
Fighting       | 2 |  2.5
Dodging        | |  2.4
Stealth        | |  1.2

Action                     |  1- 3 |  4- 6 || total
---------------------------+-------+-------++-------
   Fire: Shortbow          |   105 |   139 ||   244
    Use: Scroll            |     7 |    13 ||    20
 Armour: Leather armour    |    31 |    32 ||    63
         Scale mail        |       |    25 ||    25
  Dodge: Dodged            |    34 |    45 ||    79
  Block: Other             |     1 |    18 ||    19
         Reflection        |       |     2 ||     2

Table legend:
 A = Non-vault XP
 B = Vault XP
 C = Vault XP percentage of total XP
 D = Non-vault monster count
 E = Vault monster count
 F = Vault count percentage of total count
                 A         B        C        D         E       F
            +---------+---------+-------+---------+---------+-------
      Total |     624 |       0 |   0.0 |      83 |       0 |   0.0
            +---------+---------+-------+---------+---------+-------
        D:1 |      24 |       0 |   0.0 |      14 |       0 |   0.0
        D:2 |      49 |       0 |   0.0 |      17 |       0 |   0.0
        D:3 |     165 |       0 |   0.0 |      30 |       0 |   0.0
        D:4 |     298 |       0 |   0.0 |      19 |       0 |   0.0
        D:5 |      88 |       0 |   0.0 |       3 |       0 |   0.0
            +---------+---------+-------+---------+---------+-------
